Map: Winter's Gate LE

Players

Solo - Winner!

  • Race: Protoss Protoss
  • Spawn Location: 11:00

pHARM

  • Race: Zerg Zerg
  • League: Platinum
  • Spawn Location: 5:00

VOD

Have the link to the VOD?

Description

Time

  • Played on: Aug. 31, 2019, 9:47 p.m.
  • Length: 10:24
Show
View Real Time Build Order
Export as new Build Order

Solo Protoss - Winner!

Build Orders: Cannon Rush 

Get SALT Encoding   

  12  0:01  Probe  
  13  0:13  Probe  
  14  0:18  Pylon  
  14  0:25  Probe  
  15  0:39  Probe  
  16  0:44  Forge  
  16  0:55  Probe  
  17  0:59  Pylon  
  17  1:13  Pylon  
  17  1:20  Pylon  
  17  1:26  Photon Cannon  
  17  1:29  Photon Cannon  
  17  1:42  Photon Cannon  
  17  1:44  Photon Cannon  
  17  1:45  Photon Cannon  
  17  1:52  Photon Cannon  
  17  2:10  Photon Cannon  
  17  2:12  Photon Cannon  
  17  2:16  Photon Cannon  
  17  2:25  Photon Cannon  
  17  2:41  Photon Cannon  
  17  2:42  Photon Cannon  
  17  2:55  Gateway  
  17  3:02  Pylon  
  17  3:07  Photon Cannon  
  17  3:17  Probe  
  18  3:20  Assimilator  
  18  3:29  Photon Cannon  
  18  3:33  Zealot  
  20  3:49  Photon Cannon  
  20  4:00  Cybernetics Core  
  20  4:03  Probe  
  20  4:04  Assimilator  
  19  4:23  Photon Cannon  
  21  4:37  Warp Gate, Gateway, Probe  
  20  4:45  Probe  
  21  5:05  Probe  
  22  5:07  Nexus  
  22  5:11  Pylon  
  22  5:28  Stargate  
  22  5:32  Stalker  
  24  5:41  Probe  
  25  6:02  Oracle  
  28  6:22  Fleet Beacon  
  28  6:25  Pylon  
  28  6:31  Probe  
  29  6:40  Probe  
  29  6:43  Probe  
  29  6:46  Photon Cannon  
  31  6:48  Gateway  
  31  6:55  Probe x2  
  33  7:06  Assimilator  
  33  7:07  Probe  
  34  7:10  Probe  
  35  7:19  Probe  
  36  7:27  Carrier  
  42  7:50  Probe x2  
  42  7:51  Assimilator  
  44  7:57  Pylon, Stalker  
  44  7:58  Stalker  
  48  8:02  Pylon  
  48  8:16  Probe x2  
  48  8:18  Carrier  
  50  8:28  Pylon  
  50  8:32  Shield Battery  
  56  8:35  Pylon  
  56  8:36  Stalker x2  
  60  8:56  Gateway  
  60  8:59  Photon Cannon  
  60  9:01  Probe x2  
  62  9:03  Carrier  
  62  9:11  Pylon  
  68  9:34  Sentry, Stalker  
Show
View Real Time Build Order
Export as new Build Order

pHARM Zerg 

Build Orders: Hatch First 

Get SALT Encoding   

  12  0:01  Drone  
  13  0:13  Overlord  
  13  0:20  Drone  
  14  0:31  Drone x2  
  16  0:51  Hatchery  
  15  1:00  Drone x2  
  15  1:01  Drone  
  18  1:37  Drone x3  
  21  1:44  Spawning Pool  
  18  2:42  Extractor  
  17  2:44  Spine Crawler  
  17  2:47  Roach Warren, Drone  
  17  2:48  Drone  
  17  3:17  Queen  
  19  3:28  Drone  
  19  3:29  Drone x2  
  19  3:30  Spine Crawler  
  21  3:51  Overlord x2  
  21  4:26  Roach x3  
  27  4:33  Spine Crawler  
  26  4:43  Roach  
  32  4:48  Ravager  
  32  4:52  Extractor  
  32  4:58  Ravager  
  29  5:10  Ravager  
  30  5:41  Drone x4  
  34  6:00  Ravager  
  35  6:24  Lair  
  35  7:09  Overlord  
  35  7:10  Overlord x2  
  35  7:15  Hatchery  
  22  7:51  Hydralisk Den  
  21  8:03  Spore Crawler, Drone x6  
  26  8:24  Grooved Spines  
  26  8:27  Drone  
  26  8:28  Drone x2, Queen  
  26  8:29  Queen  
  27  8:51  Hydralisk x4  
  32  9:03  Drone x2  
  34  9:11  Drone x2  
  36  9:23  Drone  
  36  9:24  Drone  
  38  9:33  Queen x2  
  42  9:40  Drone x8  
  56  10:22  Hatchery  
Tags
 
Add a new tag
Caveats
  • Supply blocks, unpowered buildings, or Contaminate may cause inaccurate times.
  • Supply counts are checked every 10 seconds.